 Dungeon Crawl Stone Soup version 0.31-a0-845-g9abc20d24f (webtiles) character file.

Game seed: 3458473459532694735

261 Ethylacetat the Changeling (level 6, -1/41 HPs)
             Began as an Octopode Shapeshifter on Oct 3, 2023.
             Slain by a gnoll
             ... wielding a +0 club
              (9 damage)
             ... on level 4 of the Dungeon.
             The game lasted 00:02:21 (2147 turns).

Ethylacetat the Changeling (Octopode Shapeshifter)  Turns: 2147, Time: 00:02:21

Health: -1/41      AC:  1    Str: 19    XL:     6   Next: 18%
Magic:  4/6        EV: 14    Int: 12    God:
Gold:   222        SH:  0    Dex: 14    Spells: 5/5 levels left

rFire   . .          .
                       - Unarmed
rCold   . . .        (no shield)
rNeg    . . .        (helmet currently unavailable)
rPois   .            (no amulet)
rElec   .            h - +6 ring of strength
rCorr   .            (no ring)
SInv    .            (no ring)
Will    .....        (no ring)
Stlth   ++           (no ring)
HPRegen 0.26/turn    (no ring)
MPRegen 0.10/turn    (no ring)
                     (no ring)

%: no passive effects
@: beast-form, studying Summonings
A: beast (slay +2), almost no armour, amphibious, 8 rings, camouflage 1,
gelatinous body 1, (nimble swimmer 1), tentacles
a: Begin Untransformation


You were on level 4 of the Dungeon.
You were a hulking beast.
You visited 1 branch of the dungeon, and saw 4 of its levels.

You collected 222 gold pieces.

Inventory:

Jewellery
 h - a +6 ring of strength (left tentacle)
Talismans
 b - a beast talisman (active)
 c - a flux talisman
Scrolls
 d - 6 scrolls of identify {unknown}
 e - a scroll of noise {unknown}
 f - a scroll of vulnerability {unknown}
 g - a scroll of poison {unknown}
 j - a scroll of teleportation {unknown}
 k - 2 scrolls of fog {unknown}
 l - a scroll of enchant armour {unknown}
 n - a scroll of fear {unknown}
 o - a scroll of blinking {unknown}
Potions
 a - 5 potions of lignification
 i - 2 potions of curing {unknown}
 m - a potion of mutation {unknown}
 p - a potion of heal wounds {unknown}


   Skills:
 + Level 2.7 Fighting
 + Level 3.2 Dodging
 + Level 4.0 Unarmed Combat
 * Level 4.5 Shapeshifting


You had 5 spell levels left.
You didn't know any spells.
Your spell library was empty.

Dungeon Overview and Level Annotations

Branches:
Dungeon (4/15)
 Temple: D:4-7

Altars:
Dithmenos
Makhleb
Okawaru

Shops:
D:1 :(


Innate Abilities, Weirdness & Mutations

You are a hulking beast.
Your limbs bulge with bestial killing power. (Slay +2)
You cannot wear most types of armour.
You are amphibious.
You can wear up to eight rings at the same time.
Your skin changes colour to match your surroundings (Stealth+).
Your rubbery body absorbs attacks. (AC +1, EV +1)
((You are camouflaged when in or above water. (Stealth+)))
You have tentacles for arms and can constrict up to eight enemies at once.


Message History

You constrict the gnoll sergeant. The gnoll sergeant misses you.
The gnoll closely misses you.
You tentacle-slap the gnoll sergeant.
The gnoll sergeant is almost dead.
You constrict the gnoll sergeant. You tentacle-slap the gnoll sergeant.
You kill the gnoll sergeant!
The gnoll hits you with a +0 club.
You have reached level 6!
You tentacle-slap the gnoll. You grab the gnoll. You squeeze the gnoll!
The gnoll is almost dead.
You constrict the gnoll.
You kill the gnoll!
You tentacle-slap the gnoll. You grab the gnoll. You squeeze the gnoll.
The gnoll is heavily wounded.
You constrict the gnoll.
The gnoll struggles to escape constriction.
You tentacle-slap the gnoll.
You kill the gnoll!
You tentacle-slap the gnoll. Your grab misses the gnoll.
Your squeeze misses the gnoll.
The gnoll is moderately wounded.
The gnoll hits you with a +2 antimagic flail!
* * * LOW HITPOINT WARNING * * *
You feel your power leaking away.
You tentacle-slap the gnoll. You grab the gnoll.
The gnoll is severely wounded.
You constrict the gnoll.
The gnoll struggles to escape constriction.
You tentacle-slap the gnoll.
You kill the gnoll!
Your Unarmed Combat skill increases to level 4!
You tentacle-slap the orc. You grab the orc.
The orc is heavily wounded.
You constrict the orc. The orc closely misses you.
You bludgeon the orc!
You kill the orc!
You barely miss the gnoll. Your grab misses the gnoll.
The gnoll hits you with a +0 club!
You die...

##...........#..##.......
#..........##...........
#...###.......... #...#
#.......... #####
##...###.........#
#8.?.8#8...8##.......###
#!....#.....####......##
#..[..g)._..# ##......#
#h....# #......> #8...8#
##...... ##...## #......
#...# #...... #####...###
##.(... ..........##
#.....
....####...#####)....
###. #............. #
#.....##...######


You could see a gnoll.

Vanquished Creatures
  A gnoll sergeant (D:4)
  Crazy Yiuf (D:2)
  An iguana (D:4)
  A sleepcap (D:4)
  3 gnolls (D:4)
  3 adders
  An ufetubus (D:4)
  2 worms
  2 orcs
  2 ball pythons
  3 bats
  5 endoplasms
  A giant cockroach (D:3)
  6 goblins
  6 hobgoblins
  3 quokkas (D:1)
  4 frilled lizards
  5 kobolds
  7 rats
57 creatures vanquished.

Notes
Turn   | Place    | Note
-------+----------+-------------------------------------------
     0 | D:1      | Ethylacetat the Octopode Shapeshifter began the quest for
                  | the Orb.
     0 | D:1      | Reached XP level 1. HP: 13/13 MP: 1/1
   114 | D:1      | Reached XP level 2. HP: 18/18 MP: 2/2
   122 | D:1      | Found Cirghur's Antique Weapon Emporium.
   465 | D:1      | Found Quge's Book Emporium.
   576 | D:2      | Reached XP level 3. HP: 20/23 MP: 3/3
   687 | D:2      | Found a burning altar of Makhleb.
   915 | D:2      | Found a runed translucent door.
   916 | D:2      | Noticed Crazy Yiuf
  1024 | D:2      | Reached XP level 4. HP: 29/29 MP: 4/4
  1229 | D:2      | Killed Crazy Yiuf
  1233 | D:2      | Identified the +0 hammer of Disintegration {elec, Fly Int-2
                  | Dex+2}
  1260 | D:3      | Found a shadowy altar of Dithmenos.
  1337 | D:3      | Found a faded altar of an unknown god.
  1990 | D:4      | Reached XP level 5. HP: 34/34 MP: 5/5
  2119 | D:4      | Found a runed translucent door.
  2120 | D:4      | Found an iron altar of Okawaru.
  2125 | D:4      | Found the +0 toga "Victory" {*Victory Clar}
  2139 | D:4      | Reached XP level 6. HP: 16/41 MP: 6/6
  2147 | D:4      | Slain by a gnoll

Illustrated notes

Levels and vault maps discovered:
D:1:      enne_arrival_octagon_isle, layout_basic, serial_shops, shop, shop
D:2:      layout_loops_ring, basic_altar, uniq_crazy_yiuf_cottage
D:3:      layout_basic, grunt_dithmenos_smoke_and_mirrors,
          ebering_ecumenical_altar_box
D:4:      layout_layer_cave, nicolae_overflow_guarded_unrand_okawaru_victory,
          nicolae_overflow_squiral, nzn_wu_jian_council_hall

Skill      XL: |  1  2  3  4  5  6 |
---------------+-------------------+-----
Fighting       | 2 |  2.7
Shapeshifting  | 4 |  4.5
Dodging        | 3 |  3.2
Unarmed Combat | 4 |  4.0

Action                     |  1- 3 |  4- 6 || total
---------------------------+-------+-------++-------
  Melee: Unarmed           |    52 |    49 ||   101
         Constrict         |    11 |    14 ||    25
         Tentacles         |     9 |    13 ||    22
         Punch             |       |     2 ||     2
   Stab: Sleeping          |     9 |     2 ||    11
 Armour: Skin              |    16 |    16 ||    32
  Dodge: Dodged            |    25 |    19 ||    44

Table legend: (Time is in decaauts)
 A = Elapsed time spent in this place.
 B = Non-inter-level travel time spent in this place.
 C = Inter-level travel time spent in this place.
 D = Time resting spent in this place.
 E = Time spent auto-exploring this place.
 F = Levels seen in this place.
 G = Mean time per level.
                   A        B        C        D        E       F      G
               +--------+--------+--------+--------+--------+-----+--------+
         Total |   2139 |   2065 |     74 |      0 |   1712 |   4 |  534.8 |
       Dungeon |   2139 |   2065 |     74 |      0 |   1712 |   4 |  534.8 |
               +--------+--------+--------+--------+--------+-----+--------+

Top non-repeatable levels by time:
     D:2: 701 daAuts
     D:1: 554 daAuts
     D:3: 533 daAuts
     D:4: 350 daAuts
